 Dungeon Crawl Stone Soup version 0.14-a0-1444-g21dc12d (webtiles) character file.

16233 4tharraofdagon the Spear-Bearer (level 11, 0/95 HPs)
             Began as a Centaur Wanderer on Dec 11, 2013.
             Was an Elder of the Shining One.
             Shot with a bolt by a yaktaur captain (29 damage)
             ... on Level 3 of the Abyss on Dec 12, 2013.
             The game lasted 01:22:33 (11552 turns).

4tharraofdagon the Spear-Bearer (Centaur Wanderer) Turns: 11552, Time: 01:22:33

HP   0/95        AC 16     Str 23      XL: 11   Next: 99%
MP  18/20        EV  6     Int  8      God: the Shining One [****..]
Gold 995         SH 14     Dex 12      Spells:  0 memorised, 10 levels left

rFire  + . .     SeeInvis .     B - -1,+1 orc glaive (chop)
rCold  . . .     Clarity  .     k - +3 storm dragon armour
rNeg   + + .     Conserve .     (no shield)
rPois  .         rCorr    .     (helmet restricted)
rElec  +         rRot     .     H - +0 cloak (curse)
SustAb . .       Spirit   .     R - +0 pair of gloves
rMut   .         Warding  .     (no barding)
Gourm  +         Stasis   .     c - amulet "Inoaduiq" {Gourm Dex+5}
                                y - ring of protection from fire
                                I - ring of sustenance

@: mildly poisoned, glowing, very quick, somewhat resistant to hostile
enchantments, extremely unstealthy
A: hooves 3, horns 1, breathe flames 1, deformed body, herbivore 1, speed 2,
fast metabolism 1, mutation resistance 1, spit poison 1, tough skin 3
a: Spit Poison, Divine Shield, Cleansing Flame, Renounce Religion, Breathe Fire


You were on level 3 of the Abyss.
You worshipped the Shining One. the Shining One was greatly pleased with you.
You were not hungry.

You visited 4 branches of the dungeon, and saw 22 of its levels.
You visited the Abyss 2 times.
You also visited: Sewer and Bailey.

You collected 995 gold pieces.

Inventory:

Hand weapons
 w - the +2,+1 trident "Yvajegac" {freeze, rC+ Int-1}
   (You found it on level 7 of the Dungeon)

   It has been specially enchanted to freeze those struck by it, causing extra
   injury to most foes and up to double damage against particularly susceptible
   opponents.
   It can also slow down cold-blooded creatures.
   It affects your intelligence (-1).
   It protects you from cold.
 B - a -1,+1 orcish glaive of chopping (weapon)
 F - a +1 blowgun
Missiles
 i - 3 curare-tipped needles
 p - 2 darts of frost (quivered)
Armour
 h - a +0 elven cloak
 k - a +3 storm dragon armour (worn)
 t - a +0 crystal plate armour
 H - a cursed +0 cloak (worn)
 R - a +0 pair of gloves (worn)
Magical devices
 r - a wand of confusion (10)
 z - a wand of fireball (2)
 E - a wand of slowing (7)
 G - a wand of lightning (3)
 K - a wand of paralysis (7)
 Y - a wand of cold (8)
Comestibles
 d - 5 bread rations
 l - 7 meat rations
 D - a sausage
Scrolls
 e - a scroll of noise
 f - 2 scrolls of immolation
 n - a scroll of recharging
 x - 2 scrolls of enchant weapon I
 J - 7 scrolls of remove curse
 N - 2 scrolls of amnesia
 V - 2 scrolls of vulnerability
Jewellery
 c - the amulet "Inoaduiq" (around neck) {Gourm Dex+5}
   (You found it on level 2 of the Lair of Beasts)

   [amulet of the gourmand]

   It affects your dexterity (+5).
 o - an uncursed ring of see invisible
 y - a ring of protection from fire (right hand)
 A - an uncursed ring of magical power
 I - a ring of sustenance (left hand)
 L - an uncursed ring of ice
 O - an uncursed ring of protection from cold
 Q - an uncursed amulet of resist corrosion
 X - an uncursed ring of protection from fire
Potions
 a - a potion of might
 j - a potion of lignification
 m - 4 potions of brilliance
 v - 2 potions of magic
 C - a potion of porridge
 U - 5 potions of heal wounds
 W - a potion of restore abilities
 Z - a potion of curing
Miscellaneous
 M - a disc of storms
 S - a lamp of fire
 T - a plain deck of dungeons {the Minefield, drawn: 2}


   Skills:
 + Level 8.8 Fighting
 * Level 11.4 Polearms
 - Level 1.3 Throwing
 + Level 7.2 Armour
 - Level 1.2 Stealth
 + Level 4.1 Invocations
 - Level 8.0 Evocations


You had 10 spell levels left.
You didn't know any spells.

Dungeon Overview and Level Annotations

Branches:
Dungeon (16/16)            Temple (1/1) D:6             Orc (1/4) D:10
   Lair (4/8) D:8          Depths (0/6) D:16
  Swamp: Lair:3-6    Shoals: Lair:3-6     Snake: Lair:3-6    Spider: Lair:3-6
 Vaults: D:14-15

Altars:
Ashenzari
Cheibriados
Elyvilon
Fedhas
Kikubaaqudgha
Makhleb
Nemelex Xobeh
Okawaru
Sif Muna
Trog
Vehumet
Xom
Yredelemnul
Zin
the Shining One

Shops:
D:7 +   D:11 /

Portals:
Trove: D:16 (show slimy rune of Zot)

Annotations:
D:2 Crazy Yiuf
D:14 Snorg
D:15 Josephine, Louise
Orc:1 Erolcha
Lair:3 Fannar, Maud


Innate Abilities, Weirdness & Mutations

You have hooves in place of feet.
Armour fits poorly on your strangely shaped body.
You digest meat inefficiently.
You cover ground very quickly.
You have a fast metabolism.
You have extremely tough skin (AC +3).
You have a pair of small horns on your head.
You can breathe flames.
You are somewhat resistant to further mutation.
You can spit poison.


Message History

An insubstantial wisp comes into view.
The insubstantial wisp gives a chilling moan.
You block the insubstantial wisp's attack. 2 yaktaurs and a yaktaur captain come into view.
Unknown command.
Drink which item? (? for menu, Esc to quit)
Okay, then.
Read which item? (? for menu, Esc to quit)
As you read the scroll of fog, it crumbles to dust.
The scroll dissolves into smoke.
The yaktaur captain wields a crossbow.
The yaktaur captain shoots a bolt.
The bolt hits you!
* * * LOW HITPOINT WARNING * * *
The insubstantial wisp hits you but does no damage.
Unknown command.
Unknown command.
Drink which item? (? for menu, Esc to quit)
You feel much better.
* * * LOW HITPOINT WARNING * * *
You feel sick.
The yaktaur captain shoots a bolt.
The bolt hits you!
You die...

. . .#..
..cc ...
c.... # #..
...#.#
.##..
......#
....
.....##
#.§#§.....#
#.§v§§..##
#§@§§...#
####§#.##
.....
..#.#.. ##.
.. #. . ..


You could see a yaktaur captain and an insubstantial wisp.

Vanquished Creatures
  A centaur warrior (D:16)
  3 thrashing horrors
  A hill giant (D:10)
  Pikel (D:7)
  Joseph (D:7)
  A cyclops (D:16)
  A smoke demon (Abyss:3)
  Grinder (D:5)
  A basilisk (D:16)
  A catoblepas skeleton (D:14)
  A vampire (D:15)
  A flying skull (Abyss:3)
  7 yaks
  A wraith (D:16)
  A shadow (D:16)
  3 hippogriffs
  Grum (D:9)
  A neqoxec (Abyss:3)
  A hungry ghost (D:11)
  3 vampire mosquitoes (D:16)
  A deep elf fighter (D:8)
  A manticore (D:10)
  Menkaure (D:7)
  5 wolves
  3 porcupines
  3 orc warriors
  A phantom (D:8)
  3 slaves (D:7)
  2 ice beasts
  A sky beast (D:8)
  7 ogres
  A big kobold (D:13)
  3 centaurs
  Sigmund (D:7)
  A brain worm (Abyss:3)
  4 crocodiles
  A warg (D:10)
  A giant slug (Lair:1)
  Blork the orc (D:5)
  7 giant frogs
  An agate snail (Lair:2)
  5 water moccasins
  A wyvern skeleton (D:10)
  A manticore skeleton (D:7)
  An eye of draining (D:15)
  6 killer bees
  A hippogriff zombie (D:9)
  2 goliath beetles
  6 crimson imps
  A big fish (Sewer)
  A centaur zombie (D:6)
  6 orc priests
  11 hounds
  8 orc wizards
  2 scorpions (D:6)
  10 worker ants
  2 iguanas
  3 sheep
  A brain worm zombie (D:15)
  Jessica (D:2)
  A boggart (D:16)
  A mottled dragon skeleton (D:16)
  An ogre skeleton (D:5)
  A mummy (D:8)
  10 gnolls
  9 green rats
  16 adders
  A giant mite (Lair:3)
  A lemure (Abyss:3)
  2 giant centipedes
  3 worms
  2 white imps
  5 grey rats
  2 giant eyeballs
  5 giant geckos
  84 orcs
  6 ball pythons (Sewer)
  15 goblins
  10 hobgoblins
  8 jackals
  26 kobolds
  5 quokkas
  15 bats
  3 giant cockroaches
  7 giant newts
  3 giant spores
  A goblin skeleton (D:5)
  A hobgoblin skeleton (D:4)
  A kobold skeleton (D:6)
  An orc skeleton (D:4)
  A quokka skeleton (D:6)
  17 rats
  10 ballistomycetes
424 creatures vanquished.

Vanquished Creatures (collateral kills)
  A smoke demon (Abyss:3)
  A shadow (Abyss:3)
2 creatures vanquished.

Vanquished Creatures (others)
  An orc (Abyss:2)
  A giant spore (D:12)
  A ballistomycete (D:12)
  4 tentacles (Abyss:1)
  29 tentacle segments (Abyss:1)
36 creatures vanquished.

Grand Total: 462 creatures vanquished

Notes
Turn   | Place    | Note
--------------------------------------------------------------
     0 | D:1      | 4tharraofdagon, the Centaur Wanderer, began the quest for the Orb.
     0 | D:1      | Reached XP level 1. HP: 17/17 MP: 1/1
    39 | D:2      | Noticed Jessica
    46 | D:2      | Killed Jessica
    46 | D:2      | Reached XP level 2. HP: 19/24 MP: 2/2
   264 | D:5      | Entered Level 5 of the Dungeon
   300 | D:4      | Reached XP level 3. HP: 27/29 MP: 3/3
   366 | D:4      | Reached XP level 4. HP: 24/37 MP: 3/3
   368 | D:4      | Reached skill level 3 in Polearms
   429 | D:3      | Reached XP level 5. HP: 11/44 MP: 4/4
   516 | D:2      | Mulzaro: Pretty fast XL5
   516 | D:2      | Mulzaro: :D
   572 | D:2      | Mulzaro: storm dragon armour, wtf man
   761 | D:2      | 4tharraofdagon: this is wanderer
   861 | D:2      | Noticed Crazy Yiuf
   862 | D:2      | Mulzaro: I didnt know you can get dragon armours for a Wn?
   905 | D:3      | Found a glowing drain.
   932 | Sewer    | Entered a sewer
  1091 | Sewer    | timbw: lol
  1098 | Sewer    | timbw: you started with that?
  1123 | Sewer    | 4tharraofdagon: ya
  1132 | Sewer    | timbw: cool
  1166 | Sewer    | timbw: its not really that good though
  1166 | Sewer    | timbw: its just like finding a plate armour on d1
  1166 | Sewer    | 4tharraofdagon: oh sda?naa i;ve found hide
  1174 | Sewer    | timbw: ah ok
  1569 | D:4      | Noticed a centaur
  1580 | D:4      | Killed a centaur
  1580 | D:4      | Reached skill level 4 in Polearms
  1580 | D:4      | Reached XP level 6. HP: 43/51 MP: 6/6
  1599 | D:4      | 4tharraofdagon: which god could be ok for that combo
  1614 | D:4      | 4tharraofdagon: im thinking about tso
  1634 | D:4      | Found a blossoming altar of Fedhas.
  1655 | D:4      | timbw: hm
  1712 | D:4      | timbw: no
  1712 | D:4      | timbw: not that one
  1712 | D:4      | timbw: i forbid you
  1712 | D:4      | timbw: you are not going to like this
  1712 | D:4      | timbw: but boring or not
  1712 | D:4      | timbw: i think oka would be best
  1712 | D:4      | timbw: best chance of <50k win
  1712 | D:4      | 4tharraofdagon: i dont want anything boring like mak or oka
  1712 | D:4      | 4tharraofdagon: tell me
  1712 | D:4      | timbw: hm
  1712 | D:4      | 4tharraofdagon: can oklobs move
  1712 | D:4      | timbw: no
  1712 | D:4      | timbw: but they are imba
  1712 | D:4      | Torious: lol :p
  1712 | D:4      | timbw: 3 oklobs clears elf
  1712 | D:4      | 4tharraofdagon: well funguses can walk with fedhas
  1712 | D:4      | timbw: 10 RAPES zot
  1712 | D:4      | timbw: yes
  1712 | D:4      | 4tharraofdagon: what about oklobs
  1712 | D:4      | Torious: but this takes many turns, right?
  1712 | D:4      | timbw: they get more hp
  1712 | D:4      | Torious: walking back and forth
  1712 | D:4      | timbw: as your evo increases
  1712 | D:4      | 4tharraofdagon: but still unmovable?
  1712 | D:4      | timbw: yea :(
  1712 | D:4      | 4tharraofdagon: eh crap
  1712 | D:4      | timbw: hey
  1712 | D:4      | timbw: you should go
  1712 | D:4      | timbw: either TSO
  1712 | D:4      | timbw: then jiyva
  1712 | D:4      | 4tharraofdagon: hmm
  1712 | D:4      | 4tharraofdagon: sounds good
  1786 | D:5      | Noticed Blork the orc
  1792 | D:5      | Killed Blork the orc
  1794 | D:5      | timbw: polearm or death
  1837 | D:5      | timbw: also, ash might work
  1841 | D:5      | timbw: ash + rods
  1841 | D:5      | Reached XP level 7. HP: 46/58 MP: 7/7
  1857 | D:5      | Noticed Grinder
  1867 | D:5      | Killed Grinder
  1867 | D:5      | Reached skill level 5 in Polearms
  1981 | D:5      | Noticed a centaur
  1986 | D:5      | Killed a centaur
  2152 | D:6      | Found a staircase to the Ecumenical Temple.
  2162 | Temple   | Entered the Ecumenical Temple
  2199 | Temple   | Became a worshipper of the Shining One
  2268 | D:6      | Reached XP level 8. HP: 63/67 MP: 10/10
  2535 | D:6      | 4tharraofdagon: im really hoping for mid 60k's
  2611 | D:7      | Reached skill level 6 in Polearms
  2815 | D:7      | Got a dazzling trident
  2816 | D:7      | Identified the cursed +2,+1 trident "Yvajegac" {freeze, rC+ Int-1} (You found it on level 7 of the Dungeon)
  2853 | D:7      | Noticed Sigmund
  2864 | D:7      | Killed Sigmund
  2864 | D:7      | Reached skill level 5 in Fighting
  2948 | D:7      | Noticed Pikel
  2995 | D:7      | Killed Pikel
  2995 | D:7      | Reached skill level 7 in Polearms
  3031 | D:7      | Reached XP level 9. HP: 33/74 MP: 13/13
  3048 | D:7      | 4tharraofdagon: dinner time,bbl
  3049 | D:7      | Noticed Joseph
  3275 | D:8      | Paralysed by a giant eyeball for 2 turns
  3451 | D:8      | Reached skill level 5 in Armour
  3693 | D:8      | Reached skill level 5 in Evocations
  3757 | D:7      | Noticed Menkaure
  3764 | D:7      | Killed Menkaure
  4080 | D:9      | Noticed Grum
  4316 | D:10     | Entered Level 10 of the Dungeon
  4511 | D:10     | Noticed a hill giant
  4566 | D:10     | Killed a hill giant
  4566 | D:10     | Reached skill level 8 in Polearms
  4638 | D:10     | Found a flagged portal.
  4691 | Bailey   | Entered a bailey
  5054 | Bailey   | Noticed an orc knight
  5054 | Bailey   | Noticed an orc knight
  5054 | Bailey   | Acquired the Shining One's first power
  5056 | Bailey   | :O
  5071 | Bailey   | Reached XP level 10. HP: 19/84 MP: 16/16
  5391 | D:11     | Gained mutation: You can spit poison. [potion of beneficial mutation]
  5395 | D:11     | Was placed under penance by the Shining One
  5423 | D:11     | Malachi: hello 4th, my secret friend
  5507 | D:11     | 4tharraofdagon: o hi man are you my fan
  5842 | D:11     | Found Etitan's Magical Wand Shoppe.
  5903 | D:11     | Noticed a cyclops
  5944 | D:12     | Malachi: indeed
  6015 | D:12     | Noticed a cyclops
  6304 | D:12     | Noticed a six-headed hydra
  6375 | D:14     | Noticed a centaur warrior
  6395 | D:15     | Entered Level 15 of the Dungeon
  6573 | D:15     | Noticed Josephine
  6577 | D:15     | Noticed a hill giant
  6605 | D:15     | Noticed an octopode
  6606 | D:15     | Noticed an octopode
  6612 | D:13     | Noticed a hill giant
  6626 | D:13     | You fall through a shaft for 2 floors!
  6662 | D:15     | Noticed a centaur warrior
  6662 | D:15     | Was forgiven by the Shining One
  6756 | D:15     | Noticed an octopode
  6758 | D:15     | Noticed an octopode
  6767 | D:15     | You fall through a shaft!
  6767 | D:16     | Entered Level 16 of the Dungeon
  6914 | D:16     | Reached skill level 9 in Polearms
  6935 | D:15     | Noticed a cyclops
  6956 | D:16     | Found a portal to a secret trove of treasure.
  6961 | D:16     | Malachi: d16 on xl 10, risky :P
  6993 | D:16     | Noticed a skeletal warrior
  6993 | D:16     | Noticed a skeletal warrior
  6993 | D:16     | Noticed a skeletal warrior
  7007 | D:16     | Malachi: at least you can run away
  7007 | D:16     | 4tharraofdagon: i was pushed to this
  7030 | D:16     | Noticed a centaur warrior
  7049 | D:16     | Killed a centaur warrior
  7069 | D:16     | Malachi: arent you branching into some ranged combat?
  7108 | D:16     | Noticed a hill giant
  7134 | D:16     | Noticed a hill giant
  7279 | D:16     | Noticed a fire crab
  7303 | D:16     | Malachi: like it couldnt be worse :D
  7510 | D:16     | Noticed a cyclops
  7519 | D:16     | Killed a cyclops
  7682 | D:16     | Noticed a wizard
  7689 | D:16     | Malachi: nice one
  7737 | D:16     | Found a staircase to the Depths.
  7744 | D:16     | Noticed a fire giant
  7760 | D:16     | Noticed a hill giant
  7769 | D:16     | Noticed an unseen horror
  7858 | D:15     | Noticed Louise
  7861 | D:15     | Cast into the Abyss (Louise)
  7906 | Abyss:1  | Found a corrupted altar of Lugonu.
  7908 | Abyss:1  | Noticed a thrashing horror
  7918 | Abyss:1  | Killed a thrashing horror
  8052 | Abyss:1  | Noticed a tentacled starspawn
  8055 | Abyss:1  | Noticed a large abomination
  8059 | Abyss:1  | Noticed a wretched star
  8069 | Abyss:1  | Noticed a spatial maelstrom
  8070 | D:15     | Escaped the Abyss
  8121 | D:15     | Noticed a cyclops
  8127 | D:15     | Noticed a hill giant
  8273 | D:14     | Reached skill level 10 in Polearms
  8307 | D:14     | Reached XP level 11. HP: 74/94 MP: 20/20
  8316 | D:14     | Acquired the Shining One's second power
  8325 | D:14     | Noticed Snorg
  8395 | D:14     | Noticed an unseen horror
  8395 | D:14     | Noticed an unseen horror
  8648 | D:10     | Found a staircase to the Orcish Mines.
  8755 | D:10     | Reached skill level 1 in Invocations
  8887 | D:8      | Found a staircase to the Lair.
  8900 | Lair:1   | Entered Level 1 of the Lair of Beasts
  9341 | Lair:2   | Got a crude bronze amulet
  9342 | Lair:2   | Identified the amulet "Inoaduiq" {Gourm Dex+5} (You found it on level 2 of the Lair of Beasts)
  9470 | Lair:2   | Noticed a six-headed hydra
  9477 | Lair:3   | Noticed a six-headed hydra
  9685 | Lair:3   | Noticed Fannar
  9722 | Lair:3   | Noticed Maud
 10320 | D:7      | Found Saosopalo's Book Shoppe.
 10336 | D:7      | Killed Joseph
 10382 | D:7      | Upgraded the game from 0.14-a0-1413-g94b8a5e to 0.14-a0-1444-g21dc12d
 10584 | D:9      | Killed Grum
 10660 | D:9      | Reached skill level 11 in Polearms
 10832 | Orc:1    | Entered Level 1 of the Orcish Mines
 10995 | Orc:1    | Noticed Erolcha
 11009 | Orc:1    | Cast into the Abyss (Erolcha)
 11026 | Abyss:1  | Noticed a kraken
 11026 | Abyss:1  | Acquired the Shining One's third power
 11027 | Abyss:1  | Noticed a blizzard demon
 11079 | Abyss:2  | Found a corrupted altar of Lugonu.
 11161 | Abyss:3  | Found a corrupted altar of Lugonu.
 11204 | Abyss:3  | Gained mutation: You have a pair of small horns on your head. [potion of mutation]
 11204 | Abyss:3  | Gained mutation: You are somewhat resistant to further mutation. [potion of mutation]
 11204 | Abyss:3  | Gained mutation: You can breathe flames. [potion of mutation]
 11332 | Abyss:3  | Noticed a thrashing horror
 11335 | Abyss:3  | Killed a thrashing horror
 11339 | Abyss:3  | Noticed a thrashing horror
 11346 | Abyss:3  | Killed a thrashing horror
 11360 | Abyss:3  | Noticed a large abomination
 11363 | Abyss:3  | Noticed a white draconian caller
 11397 | Abyss:3  | Noticed a frost giant
 11413 | Abyss:3  | Noticed a deep troll
 11414 | Abyss:3  | Noticed a deep troll
 11551 | Abyss:3  | Noticed a yaktaur captain
 11552 | Abyss:3  | Shot with a bolt by a yaktaur captain

Action                   |  1- 3 |  4- 6 |  7- 9 | 10-12 || total
-------------------------+-------+-------+-------+-------++-------
Melee: Spear             |    34 |   158 |       |       ||   192
       Glaive            |       |    13 |   202 |   240 ||   455
       Trident           |       |       |   308 |   491 ||   799
Throw: Dart              |       |     4 |    10 |     8 ||    22
Invok: Divine Shield     |       |       |       |     5 ||     5
 Abil: Spit Poison       |       |       |       |     2 ||     2
Evoke: Wand              |       |     1 |     5 |     8 ||    14
       Deck              |       |       |       |     2 ||     2
  Use: Potion            |     2 |     3 |     7 |     9 ||    21
       Scroll            |       |     5 |    15 |    27 ||    47
